 Dungeon Crawl Stone Soup version 0.24.1 (webtiles) character file.

Game seed: 2051394647489543096, levelgen mode: deterministic

517215 Amplified the Conqueror (level 24, -22/373 HPs)
             Began as a Minotaur Earth Elementalist on Mar 27, 2020.
             Was the Champion of Trog.
             Annihilated by a balrug
             ... wielding the +8 whip "Snakebite" {curare, rPois}
              (25 damage)
             ... on level 3 of the Depths.
             The game lasted 01:34:42 (47412 turns).

Amplified the Conqueror (MiEE)                     Turns: 47412, Time: 01:34:42

Health: -22/373    AC: 31    Str: 35    XL:     24   Next: 52%
Magic:  28/28      EV: 25    Int: 10    God:    Trog [******]
Gold:   1626       SH: 24    Dex: 14    Spells: 25/25 levels left

rFire    . . .     SeeInvis +   y - +12 trident of Instant Death {pierce, rC+}
rCold    + + +     Gourm    .   L - +7 shield of Curiosity {SInv}
rNeg     + + .     Faith    .   V - +8 scale mail "Egery" {rC+}
rPois    .         Spirit   .   D - +2 hat
rElec    +         Reflect  .   n - +1 cloak "Inoupaunk" {rElec rC+ Str+6 Int-2 Dex+2}
rCorr    +         Harm     .   H - +1 pair of gloves of the Doldrums {rElec rN+ rCorr Int+3}
MR       +++..     Clarity  +   w - +2 pair of boots
Stlth    ..........             v - necklace of Bloodlust {*Rage +Rage MR++ Int-3 Slay+6 *Curse}
HPRegen  0.72/turn              F - ring of Reimbursement {rN+ Str-2 Slay+3 SInv}
MPRegen  0.21/turn              E - ring "Zaegut Ubbu" {EV+1 Slay+3}

@: berserking, marked, studying Stealth, very quick
A: retaliatory headbutt, horns 2, clarity, strong 1
}: 2/15 runes: serpentine, barnacled
a: Berserk, Trog's Hand, Brothers in Arms, Renounce Religion, Evoke Berserk Rage


You were on level 3 of the Depths.
You worshipped Trog.
Trog was exalted by your worship.
You were not hungry.

You visited 9 branches of the dungeon, and saw 46 of its levels.
You visited 1 bazaar.
You also visited: Bailey, Gauntlet, Volcano, Wizlab and Desolation.

You collected 5827 gold pieces.
You spent 4201 gold pieces at shops.

Inventory:

Hand Weapons
 c - the +10 spear of Lonkaeg {pierce, rF+ rN+ Stlth+}
   (Trog gifted it to you in a volcano)

   It inflicts extra damage upon your enemies.
   It protects you from fire.
   It protects you from negative energy.
   It makes you more stealthy.
 e - a +7 demon whip of freezing
 y - the +12 trident of Instant Death (weapon) {pierce, rC+}
   (You found it on level 1 of the Crypt)

   It inflicts extra damage upon your enemies.
   It protects you from cold.
 R - a +4 demon trident of electrocution
Missiles
 G - 12 curare-tipped darts (quivered)
 M - 14 throwing nets
 Q - 66 silver javelins
Armour
 j - +0 gold dragon scales
 n - the +1 cloak "Inoupaunk" (worn) {rElec rC+ Str+6 Int-2 Dex+2}
   (You bought it in a shop on level 1 of the Depths)

   It affects your strength (+6).
   It affects your intelligence (-2).
   It affects your dexterity (+2).
   It protects you from cold.
   It insulates you from electricity.
 q - the +4 troll leather armour of the Turtledove {rN+ Regen+}
   (You bought it in a shop in a bazaar)

   It protects you from negative energy.
   It increases your rate of regeneration.
 w - a +2 pair of boots (worn)
 x - the +3 warlock's mirror {reflect}
   (You found it on level 6 of the Dungeon)
 D - a +2 hat (worn)
 H - the +1 pair of gloves of the Doldrums (worn) {rElec rN+ rCorr Int+3}
   (You found it on level 5 of the Lair of Beasts)

   It affects your intelligence (+3).
   It insulates you from electricity.
   It protects you from negative energy.
   It provides partial protection from all sources of acid and corrosion.
 L - the +7 shield of Curiosity (worn) {SInv}
   (You found it on level 14 of the Dungeon)

   It lets you see invisible.
 V - the +8 scale mail "Egery" (worn) {rC+}
   (You bought it in a shop on level 2 of the Shoals)

   It protects you from cold.
Jewellery
 s - an uncursed ring of poison resistance
 v - the necklace of Bloodlust (around neck) {*Rage +Rage MR++ Int-3 Slay+6 *Curse}
   (You found it on level 8 of the Dungeon)

   [amulet of rage]

   It affects your intelligence (-3).
   It affects your accuracy and damage with ranged weapons and melee attacks
   (+6).
   It affects your resistance to hostile enchantments.
   It lets you go berserk.
   It may make you go berserk in combat.
   It curses itself when equipped.
 B - the amulet "Leruutur" {RegenMP rElec Slay+2}
   (You took it off an orc wizard on level 10 of the Dungeon)

   [amulet of magic regeneration]

   It increases your magic regeneration.
   It affects your accuracy and damage with ranged weapons and melee attacks
   (+2).
   It insulates you from electricity.
 C - the ring of Vuhe {+Blink rC++ Str-2 SInv Stlth-}
   (You found it on level 2 of the Shoals)

   [ring of attention]

   It affects your strength (-2).
   It greatly protects you from cold.
   It lets you see invisible.
   It lets you blink.
   It makes you less stealthy.
 E - the ring "Zaegut Ubbu" (right hand) {EV+1 Slay+3}
   (You bought it in a shop on level 9 of the Dungeon)

   [ring of evasion]

   It affects your evasion (+1).
   It affects your accuracy and damage with ranged weapons and melee attacks
   (+3).
 F - the ring of Reimbursement (left hand) {rN+ Str-2 Slay+3 SInv}
   (You took it off a crimson imp on level 8 of the Dungeon)

   [ring of positive energy]

   It affects your strength (-2).
   It affects your accuracy and damage with ranged weapons and melee attacks
   (+3).
   It protects you from negative energy.
   It lets you see invisible.
Wands
 b - a wand of clouds (4)
 f - a wand of acid (34)
 i - a wand of polymorph (6)
 K - a wand of paralysis (13)
 U - a wand of iceblast (26)
 Z - a wand of scattershot (8)
Scrolls
 a - 12 scrolls of teleportation
 g - 12 scrolls of identify
 h - 4 scrolls of immolation
 m - 17 scrolls of remove curse
 o - a scroll of holy word
 u - 5 scrolls of fear
 A - 2 scrolls of blinking
 N - 3 scrolls of silence
 T - 4 scrolls of fog
Potions
 k - 7 potions of brilliance
 l - 13 potions of mutation
 p - 7 potions of magic
 r - 14 potions of heal wounds
 t - 2 potions of ambrosia
 z - 16 potions of curing
 I - 6 potions of flight
 O - 9 potions of lignification
 P - a potion of invisibility
 W - a potion of agility
Books
 Y - a manual of Stealth
Miscellaneous
 J - 5 phantom mirrors
 X - a lamp of fire
Comestibles
 d - 49 rations


   Skills:
 O Level 27 Fighting
 - Level 18.8 Polearms
   Level 14.0 Crossbows
 - Level 13.2 Throwing
 - Level 21.1 Armour
 - Level 19.8 Dodging
 * Level 10.9 Stealth
 - Level 18.1 Shields
 - Level 1.3 Spellcasting
   Level 0.7 Transmutations
   Level 2.4 Earth Magic
 - Level 9.3 Evocations


You had 25 spell levels left.
You didn't know any spells.
Your spell library contained the following spells:

 Spells                   Type           Power        Failure   Level  Hunger
 Sandblast                Erth           #.....       17%         1    ##.....
 Passwall                 Tmut/Erth      #.......     36%         2    ###....
 Animate Skeleton         Necr           N/A          43%         1    ##.....
 Apportation              Tloc           #.....       43%         1    ##.....
 Corona                   Hex            #......      43%         1    ##.....
 Flame Tongue             Conj/Fire      #....        43%         1    ##.....
 Infusion                 Chrm           #...         43%         1    ##.....
 Pain                     Necr           #...         43%         1    ##.....
 Shock                    Conj/Air       #...         43%         1    ##.....
 Sting                    Conj/Pois      #...         43%         1    ##.....
 Summon Small Mammal      Summ           #...         43%         1    ##.....
 Sticks to Snakes         Tmut           #.......     47%         2    ###....
 Blink                    Tloc           N/A          56%         2    ###....
 Call Imp                 Summ           #.......     56%         2    ###....
 Corpse Rot               Necr           N/A          56%         2    ###....
 Ensorcelled Hibernation  Hex/Ice        #.....       56%         2    ###....
 Poisonous Vapours        Pois/Air       #.....       56%         2    ###....
 Shroud of Golubria       Chrm/Tloc      #.....       56%         2    ###....
 Song of Slaying          Chrm           #.......     56%         2    ###....
 Swiftness                Chrm/Air       #.......     56%         2    ###....
 Throw Flame              Conj/Fire      #.....       56%         2    ###....
 Throw Frost              Conj/Ice       #.....       56%         2    ###....
 Stone Arrow              Conj/Erth      #.....       65%         3    ####...
 Ignite Poison            Fire/Tmut/Pois #.......     77%         3    ####...
 Call Canine Familiar     Summ           #.......     80%         3    ####...
 Confuse                  Hex            #.......     80%         3    ####...
 Conjure Flame            Conj/Fire      #.......     80%         3    ####...
 Dazzling Spray           Conj/Hex       #.....       80%         3    ####...
 Gell's Gravitas          Tloc           #.........   80%         3    ####...
 Inner Flame              Hex/Fire       #.......     80%         3    ####...
 Lesser Beckoning         Tloc           #.........   80%         3    ####...
 Mephitic Cloud           Conj/Pois/Air  #.......     80%         3    ####...
 Recall                   Summ/Tloc      N/A          80%         3    ####...
 Regeneration             Chrm/Necr      #.........   80%         3    ####...
 Spectral Weapon          Hex/Chrm       #.......     80%         3    ####...
 Static Discharge         Conj/Air       #.......     80%         3    ####...
 Summon Guardian Golem    Hex/Summ       #.......     80%         3    ####...
 Teleport Other           Tloc           #.......     80%         3    ####...
 Tukima's Dance           Hex            #.......     80%         3    ####...
 Vampiric Draining        Necr           #.........   80%         3    ####...
 Petrify                  Tmut/Erth      #.......     94%         4    #####..
 Airstrike                Air            #.........   99%         4    #####..
 Animate Dead             Necr           N/A          99%         4    #####..
 Cause Fear               Hex            #.........   99%         4    #####..
 Ice Form                 Ice/Tmut       #.......     99%         4    #####..
 Iskenderun's Mystic Bla  Conj           #.......     99%         4    #####..
 Olgreb's Toxic Radiance  Pois           #.......     99%         4    #####..
 Passage of Golubria      Tloc           N/A          99%         4    #####..
 Sticky Flame             Conj/Fire      #.......     99%         4    #####..
 Summon Ice Beast         Ice/Summ       #.......     99%         4    #####..
 Summon Lightning Spire   Summ/Air       #.......     99%         4    #####..
 Lee's Rapid Deconstruct  Erth           #.........   99%         5    ######.
 Alistair's Intoxication  Tmut/Pois      #.......     100%        5    ######.
 Blade Hands              Tmut           #.........   100%        5    ######.
 Bolt of Draining         Conj/Necr      #.........   100%        5    ######.
 Bolt of Magma            Conj/Fire/Erth #.........   100%        5    ######.
 Borgnjor's Vile Clutch   Necr/Erth      #.........   100%        5    ######.
 Dispel Undead            Necr           #.......     100%        5    ######.
 Fireball                 Conj/Fire      #.........   100%        5    ######.
 Irradiate                Conj/Tmut      #.........   100%        5    ######.
 Iskenderun's Battlesphe  Conj/Chrm      #.......     100%        5    ######.
 Lightning Bolt           Conj/Air       #.........   100%        5    ######.
 Metabolic Englaciation   Hex/Ice        #.........   100%        5    ######.
 Silence                  Hex/Air        #.........   100%        5    ######.
 Summon Mana Viper        Hex/Summ       #.......     100%        5    ######.
 Venom Bolt               Conj/Pois      #.........   100%        5    ######.
 Yara's Violent Unravell  Hex/Tmut       #.........   100%        5    ######.
 Bolt of Cold             Conj/Ice       #.........   100%        6    #######
 Darkness                 Hex            #.........   100%        6    #######
 Death Channel            Necr           #.........   100%        6    #######
 Deflect Missiles         Chrm/Air       #.........   100%        6    #######
 Freezing Cloud           Conj/Ice/Air   #.........   100%        6    #######
 Hydra Form               Tmut           #.........   100%        6    #######
 Iron Shot                Conj/Erth      #.........   100%        6    #######
 Ozocubu's Refrigeration  Ice            #.........   100%        6    #######
 Simulacrum               Ice/Necr       #.........   100%        6    #######
 Statue Form              Tmut/Erth      #........    100%        6    #######
 Haunt                    Necr/Summ      #.........   100%        7    #######
 Orb of Destruction       Conj           #.........   100%        7    #######
 Ring of Flames           Chrm/Fire      #.........   100%        7    #######
 Borgnjor's Revivificati  Necr           #.........   100%        8    #######
 Death's Door             Chrm/Necr      #.........   100%        8    #######
 Disjunction              Tloc           #.........   100%        8    #######
 Infestation              Necr           #.........   100%        8    #######
 Necromutation            Tmut/Necr      #.........   100%        8    #######
 Tornado                  Air            #.........   100%        9    #######


Dungeon Overview and Level Annotations

Branches:
Dungeon (15/15)            Temple (0/1) D:5            Lair (6/6) D:11
 Shoals (4/4) Lair:3        Snake (4/4) Lair:2        Slime (0/5) Lair:5
    Orc (2/2) D:10            Elf (3/3) Orc:2        Vaults (4/5) D:14
  Crypt (3/3) Vaults:3       Tomb (0/3) Crypt:3      Depths (5/5) D:15
 Bailey (visited)         Volcano (visited)          WizLab (visited)
Desolation (visited)      Gauntlet (visited)
    Zot: Depths:5

Altars:
Elyvilon
Fedhas
Kikubaaqudgha
Makhleb
Nemelex Xobeh
Okawaru
Ru
Trog
Uskayaw
Xom
Yredelemnul
Beogh

Shops:
D:5 =   D:9 ==%[[   D:12 =   D:13 [   Orc:2 (*:(   Elf:3 ?   Shoals:2 [
Snake:4 =}   Vaults:3 =   Depths:1 *=[[=

Portals:
Hell: Lair:6 Depths:1 Depths:2 Depths:4
Abyss: Depths:3 Depths:4
Ziggurat: Depths:4

Annotations:
Lair:5 Get rPois.
Elf:2 3 runed translucent doors


Innate Abilities, Weirdness & Mutations

You reflexively headbutt those who attack you in melee.
You have a pair of horns on your head.
You possess an exceptional clarity of mind.
Your muscles are strong. (Str +2)


Message History

The fireball explodes!
The fireball engulfs the sun demon.
The sun demon completely resists.
The fireball engulfs you!!!
* * * LOW HITPOINT WARNING * * *
You stick the sun demon like a pincushion!!!
The sun demon is almost dead.
You skewer the sun demon like a kebab!!!
The necklace of Bloodlust glows a violent red.
You kill the sun demon!
Trog accepts your kill. The balrug gestures at you. Something smites you!
* * * LOW HITPOINT WARNING * * *
Things that are here:
a +0 great sword; a +0 scale mail; an infernal demonspawn corpse Unknown command.
You feel a strong urge to attack something.
The balrug hits you with the +8 whip "Snakebite" {curare, rPois}.
* * * LOW HITPOINT WARNING * * *
You are engulfed in flames!!
You die...

≈≈≈≈.........†.....##
≈≈≈≈...≈≈≈..>((.....#
≈≈≈≈[≈≈≈≈(..().....####*
.....)......(.(.....|..*
......##.......(..>###,**
......####.........##*,,**
......#.....(...(......,,*
.........≈..†.##########,*
..............Q2@).....#,*
.........)....########.#,*
..............#,,,,***,*,*
.....#........#∩,,,',,,*,*
.}.......≈..).#,,,,',,,*,*
.........≈≈...#,,,,***,*,**
........<.....#*******,*,,*
..............'.,,,,,,,*,,*
..............###*******,,*


You could see a balrug and a tengu warrior.

Vanquished Creatures
  Mara (Vaults:4)
  Mennas (Crypt:2)
  2 juggernauts (Depths:4)
  Sojobo (Crypt:1)
  Boris (Crypt:3)
  Bai Suzhen (Shoals:3)
  Saint Roka (Depths:4)
  Margery (Vaults:4)
  A golden dragon (Depths:4)
  2 bone dragons (Crypt:3)
  Jory (Vaults:3)
  Jorgrun (Shoals:1)
  2 liches
  A tentacled monstrosity (Depths:4)
  A quicksilver dragon (Depths:4)
  A titan (Shoals:3)
  The ghost of Xerdoz the Arsonist, an adept BaFE of Sif Muna (Shoals:4)
  The ghost of Ipihoehem the Thaumaturge, an adept GrEE of Cheibriados (Shoals:3)
  2 storm dragons (Depths:4)
  A kraken (Shoals:2)
  3 sphinxes
  7 ancient champions (Crypt:3)
  Kirke (Shoals:1)
  6 tengu reavers
  8 nagarajas
  4 revenants
  Donald (Crypt:1)
  A shadow dragon (Depths:4)
  11 vault wardens
  2 imperial myrmidons (Desolation)
  A deep elf sorcerer (Vaults:1)
  An orc warlord (Orc:2)
  6 frost giants
  3 fire giants
  Aizul (Shoals:1)
  The ghost of Zudu the Fighter, a journeyman HOFi of Beogh (Lair:5)
  4 ghouls (Crypt:3)
  7 ironheart preservers
  2 reapers
  5 spriggan defenders
  5 entropy weavers
  6 very ugly things
  7 vampire knights
  2 deep elf demonologists
  The ghost of wmario the Peltast, a journeyman MiBe of Trog (Shoals:2)
  A minotaur (Gauntlet)
  2 halazid warlocks (Desolation)
  15 stone giants
  A deep elf annihilator (Vaults:1)
  3 lorocyprocas (Depths:1)
  Azrael (D:12)
  12 purple draconians (WizLab)
  The ghost of mys the Grappler, a journeyman DrTm of Sif Muna (Lair:6)
  6 eidola
  11 ettins
  A dire elephant (Lair:6)
  3 deep elf death magi
  5 merfolk javelineers
  9 statues (WizLab)
  A quicksilver dragon zombie (Crypt:1)
  2 crystal guardians
  4 fire dragons
  12 merfolk impalers
  A deep elf high priest (Elf:1)
  9 ogre magi
  9 yaktaur captains
  5 servants of whispers (Desolation)
  9 jiangshi
  Fannar (D:10)
  11 great orbs of eyes
  10 vault guards
  11 ragged hierophants (Desolation)
  8 ice dragons
  A rakshasa (Vaults:3)
  3 ghost crabs (D:13)
  7 hydras
  19 naga warriors
  7 peacekeepers (Desolation)
  A monstrous demonspawn (Depths:3)
  3 alligator snapping turtles
  6 anacondas
  37 two-headed ogres
  2 death knights
  6 merfolk aquamancers
  4 merfolk avatars
  10 dancing weapons
  4 centaur warriors
  9 deep troll shamans
  5 deep troll earth magi
  6 tengu warriors
  2 satyrs
  9 vampire magi
  A shock serpent (shapeshifter) (Depths:4)
  4 spriggan berserkers
  Urug (Lair:4)
  4 orc high priests (Orc:2)
  A titan zombie (Crypt:3)
  15 naga sharpshooters
  2 sun demons (Depths:3)
  7 shock serpents
  10 hell knights
  3 sixfirhies
  16 deep elf knights
  A storm dragon zombie (Crypt:3)
  2 soul eaters (Crypt:3)
  9 shadow wraiths
  3 salamander mystics
  A titan skeleton (Crypt:1)
  A wretched star (Gauntlet)
  5 iron trolls
  7 skeletal warriors
  6 fire crabs (D:13)
  9 sea snakes
  A spark wasp zombie (Crypt:1)
  26 deep trolls
  6 flayed ghosts
  2 unseen horrors
  An obsidian statue (Volcano)
  7 naga ritualists (Snake:4)
  An infernal demonspawn (Depths:3)
  8 wizards
  A gelid demonspawn (Depths:3)
  4 glowing orange brains
  6 necromancers
  Pikel (D:7)
  2 phantasmal warriors
  19 deep elf archers
  15 orc knights
  16 ironbrand convokers
  63 deep elf magi
  8 mana vipers
  3 oklob plants (Lair:2)
  2 wolf spider zombies
  A frost giant zombie (Crypt:2)
  6 wolf spiders
  38 ugly things
  12 salamanders
  18 harpies
  2 mana vipers (shapeshifter)
  A faun (shapeshifter) (Depths:2)
  A fire giant zombie (Crypt:3)
  3 orc sorcerers (Orc:2)
  11 cyclopes
  A stone giant skeleton (Crypt:3)
  11 fauns
  7 manticores
  9 merfolk sirens
  A guardian serpent (shapeshifter) (Depths:4)
  29 black mambas
  9 guardian serpents
  4 elephants (Lair:6)
  Joseph (Lair:1)
  An apocalypse crab (D:13)
  An eye of devastation (shapeshifter) (Vaults:1)
  A rust devil (Depths:3)
  13 vault sentinels
  5 water nymphs
  2 torpor snails
  26 naga magi
  9 spiny frogs
  A dire elephant skeleton (Crypt:1)
  2 gargoyles
  2 efreet (D:15)
  An orange demon (Lair:6)
  3 rime drakes
  A kobold demonologist (Depths:1)
  A yaktaur (shapeshifter) (Vaults:4)
  A black draconian zombie (Crypt:3)
  10 freezing wraiths
  46 yaktaurs
  A tormentor (Depths:3)
  A green draconian zombie (Crypt:3)
  A pale draconian skeleton (Crypt:2)
  A redback zombie (D:15)
  3 ice devils (Lair:6)
  A guardian mummy (Crypt:3)
  A troll (shapeshifter) (Vaults:4)
  7 komodo dragons
  A harpy zombie (Crypt:2)
  6 tengu conjurers
  A hellwing (Lair:6)
  A red devil (Lair:6)
  30 merfolk
  A polar bear (Vaults:3)
  A small abomination (Elf:1)
  13 trolls
  8 wind drakes
  A meliai (shapeshifter) (Vaults:1)
  2 queen bees (shapeshifter)
  A hornet (shapeshifter) (Depths:1)
  67 saltlings (Desolation)
  A queen bee (D:9)
  33 slime creatures
  9 hornets
  2 bog bodies (Crypt:3)
  10 snapping turtles
  Prince Ribbit (D:8)
  7 hippogriffs
  9 dream sheep
  A dream sheep (shapeshifter) (Depths:1)
  A hippogriff (shapeshifter) (Depths:3)
  A meliai zombie (Crypt:1)
  A redback (shapeshifter) (Depths:4)
  12 spriggans
  5 flying skulls
  7 shadows
  An ice dragon skeleton (Crypt:2)
  A tarantella (shapeshifter) (D:15)
  4 vampires (Crypt:3)
  A redback (Vaults:2)
  5 fire bats (Volcano)
  4 hogs (Shoals:1)
  9 humans (D:14)
  39 yaks
  13 wraiths
  5 wyverns
  4 fire elementals
  The ghost of Destapler the Changer, an amateur TrTm of the Shining One (D:4)
  24 water elementals
  2 hogs (shapeshifter)
  A golden eye (shapeshifter) (Vaults:1)
  The ghost of fritzmikael the Skirmisher, an amateur FoAK of Lugonu (D:3)
  5 hungry ghosts
  A steam dragon (D:14)
  3 basilisks
  3 neqoxecs (Gauntlet)
  4 swamp worms
  A faun zombie (Crypt:2)
  52 nagas
  4 vampire mosquitoes (D:15)
  A hydra simulacrum (Crypt:3)
  12 water moccasins
  2 acid dragons
  7 hell hounds
  4 wargs
  A monstrous demonspawn zombie (Crypt:1)
  11 porcupines
  9 ice beasts
  A snapping turtle zombie (Crypt:1)
  5 black bears
  A gelid demonspawn skeleton (Crypt:1)
  A slave (D:7)
  65 orc warriors
  4 sky beasts
  A black bear (shapeshifter) (Vaults:2)
  An eye of draining (D:15)
  4 necrophages (Crypt:3)
  An ice dragon simulacrum (Crypt:1)
  3 phantoms
  5 wolves
  A snapping turtle skeleton (Crypt:3)
  13 boggarts
  12 centaurs
  33 ogres
  16 crocodiles
  7 big kobolds
  3 earth elementals
  3 gnoll sergeants
  2 wyvern zombies
  17 bullfrogs
  A water moccasin zombie (D:10)
  4 scorpions
  4 wyvern skeletons
  24 wights
  33 killer bees
  2 raiju zombies
  A snapping turtle simulacrum (Crypt:1)
  A howler monkey (D:8)
  12 crimson imps
  6 lava snakes (Volcano)
  2 bullfrog zombies
  5 centaur zombies
  37 orc priests
  2 yaktaur simulacra
  2 quasits (Depths:3)
  A wolf skeleton (Crypt:3)
  6 hounds
  A demonspawn zombie (Crypt:2)
  An iron imp (Depths:3)
  18 jellies
  Crazy Yiuf (D:3)
  A bullfrog skeleton (Crypt:1)
  A human zombie (Crypt:3)
  Jessica (D:2)
  6 centaur skeletons
  7 iguanas
  A demonspawn skeleton (Crypt:2)
  25 orc wizards
  11 worker ants
  An acid dragon skeleton (Crypt:1)
  4 hound skeletons
  12 mummies (Crypt:3)
  2 worker ant zombies
  A swamp drake zombie (Crypt:2)
  24 gnolls
  A howler monkey skeleton (D:7)
  12 adders
  3 steam dragon skeletons
  9 shadow imps
  A swamp drake skeleton (Crypt:3)
  A white imp (Vaults:3)
  5 ufetubi
  An adder zombie (D:7)
  2 adder skeletons
  A worm (D:2)
  2 dart slugs
  4 leopard geckos
  153 orcs
  5 bats
  10 giant cockroaches
  9 goblins
  15 hobgoblins
  9 jackals
  27 kobolds
  5 quokkas
  4 frilled lizards
  A goblin zombie (Crypt:2)
  A jackal skeleton (Crypt:1)
  A jackal zombie (D:5)
  A quokka skeleton (D:8)
  A quokka zombie (D:7)
  7 rats
  A rat skeleton (Crypt:3)
  2 fungi
  A plant (Lair:2)
  3 tentacles (Shoals:2)
2258 creatures vanquished.

Vanquished Creatures (collateral kills)
  A merfolk (Shoals:3)
1 creature vanquished.

Vanquished Creatures (others)
  Nessos (Lair:6)
  A deep elf knight (Vaults:2)
  A human (D:14)
  An ogre (Vaults:4)
  A boggart (Vaults:2)
  A centaur (D:15)
  An orc priest (Orc:2)
  A hobgoblin (Bailey)
  3 kobolds (Bailey)
  A fungus (Lair:6)
  10 plants
  5 tentacles (Shoals:2)
27 creatures vanquished.

Grand Total: 2286 creatures vanquished

Notes
Turn   | Place    | Note
-------+----------+-------------------------------------------
     0 | D:1      | Amplified the Minotaur Earth Elementalist began the quest
                  | for the Orb.
     0 | D:1      | Reached XP level 1. HP: 14/14 MP: 1/1
    84 | D:1      | Reached skill level 1 in Fighting
    84 | D:1      | Reached skill level 1 in Armour
    84 | D:1      | Reached XP level 2. HP: 9/23 MP: 0/3
   286 | D:1      | Learned a level 2 spell: Passwall
  1375 | D:2      | Reached XP level 3. HP: 28/28 MP: 4/4
  1378 | D:2      | Reached skill level 1 in Polearms
  1594 | D:2      | Reached skill level 2 in Fighting
  1834 | D:2      | Noticed Jessica
  1835 | D:2      | Gained mutation: You possess an exceptional clarity of
                  | mind. [potion of mutation]
  1835 | D:2      | Gained mutation: Your muscles are strong. (Str +2) [potion
                  | of mutation]
  1840 | D:2      | Killed Jessica
  1840 | D:2      | Reached XP level 4. HP: 36/36 MP: 5/5
  2293 | D:3      | Found a runed translucent door.
  2293 | D:3      | Noticed fritzmikael's ghost (amateur FoAK)
  2435 | D:3      | Found a bloodstained altar of Trog.
  2602 | D:3      | Found a runed translucent door.
  2603 | D:3      | Noticed Crazy Yiuf
  2608 | D:3      | Killed Crazy Yiuf
  2608 | D:3      | Reached XP level 5. HP: 42/42 MP: 6/6
  2712 | D:3      | Became a worshipper of Trog the Wrathful
  2768 | D:4      | Reached skill level 3 in Fighting
  2951 | D:4      | Found a runed translucent door.
  2951 | D:4      | Noticed Destapler's ghost (amateur TrTm)
  2956 | D:4      | Noticed a phantom
  2989 | D:4      | Killed a phantom
  2989 | D:4      | Reached XP level 6. HP: 34/51 MP: 7/7
  3425 | D:4      | Reached skill level 4 in Fighting
  3587 | D:4      | Reached XP level 7. HP: 30/60 MP: 8/8
  3873 | D:5      | Entered Level 5 of the Dungeon
  4011 | D:5      | Found Fongic's Jewellery Emporium.
  4232 | D:5      | Found a staircase to the Ecumenical Temple.
  4517 | D:5      | Reached skill level 5 in Dodging
  4634 | D:6      | Reached * piety under Trog
  4648 | D:6      | Reached skill level 5 in Fighting
  4648 | D:6      | Reached skill level 5 in Armour
  4719 | D:6      | Reached skill level 5 in Polearms
  4731 | D:6      | Reached XP level 8. HP: 69/69 MP: 9/9
  4877 | D:6      | Found the +3 warlock's mirror {reflect}
  4909 | D:6      | Reached skill level 6 in Fighting
  5402 | D:7      | Reached skill level 1 in Shields
  5532 | D:7      | Reached skill level 7 in Fighting
  5680 | D:7      | Reached ** piety under Trog
  5691 | D:7      | Reached XP level 9. HP: 79/79 MP: 10/10
  5981 | D:7      | Noticed Pikel
  5990 | D:7      | Killed Pikel
  5990 | D:7      | Reached skill level 8 in Fighting
  5990 | D:7      | Reached skill level 5 in Shields
  6152 | D:7      | Found an iron altar of Okawaru.
  6467 | D:7      | Found a white marble altar of Elyvilon.
  6467 | D:7      | Found a blossoming altar of Fedhas.
  6772 | D:8      | Noticed a troll
  6772 | D:8      | Noticed Prince Ribbit
  6792 | D:8      | Killed Prince Ribbit
  6796 | D:8      | Killed a troll
  6796 | D:8      | Reached skill level 9 in Fighting
  6856 | D:8      | Reached XP level 10. HP: 48/91 MP: 11/11
  6988 | D:8      | Reached *** piety under Trog
  7052 | D:8      | Found the cursed necklace of Bloodlust {*Rage +Rage MR++
                  | Int-3 Slay+6 *Curse}
  7052 | D:8      | Identified the ring "Aciett" {+Fly rN+ MR- Int+3 Dex+2}
  7053 | D:8      | Got a slimy morningstar
  7056 | D:8      | Noticed a cyclops
  7074 | D:8      | Killed a cyclops
  7183 | D:8      | Reached skill level 10 in Fighting
  7188 | D:8      | Got an ichor-stained leather armour
  7195 | D:8      | Identified the +1 leather armour "Usaopat" {rF+} (You found
                  | it on level 8 of the Dungeon)
  7292 | D:8      | Reached skill level 10 in Polearms
  7311 | D:8      | Noticed a brown ugly thing
  7317 | D:8      | Killed a brown ugly thing
  7445 | D:8      | Identified the ring of Reimbursement {rN+ Str-2 Slay+3
                  | SInv}
  7663 | D:8      | Identified the +5 morningstar "Siwibruixe" {crush, *Rage
                  | Str+9} (You found it on level 8 of the Dungeon)
  7699 | D:8      | Found a shimmering altar of Xom.
  7931 | D:9      | Found Jan Doov's Jewellery Shop.
  7944 | D:9      | Reached **** piety under Trog
  8003 | D:9      | Found Losybid's Jewellery Boutique.
  8015 | D:9      | Bought the ring "Zaegut Ubbu" {EV+1 Slay+3} for 316 gold
                  | pieces
  8020 | D:9      | Found Tuuzuih's Armour Boutique.
  8034 | D:9      | Found Geboshy's Food Shoppe.
  8067 | D:9      | Reached skill level 11 in Fighting
  8077 | D:9      | Reached XP level 11. HP: 95/102 MP: 12/12
  8168 | D:9      | Found a flagged portal.
  8189 | Bailey   | Entered a bailey
  8427 | Bailey   | Reached ***** piety under Trog
  8491 | Bailey   | Identified a scroll of acquirement
  8716 | D:9      | Reached skill level 10 in Shields
  8818 | D:9      | Received a gift from Trog
  8837 | D:9      | Found Cutus's Antique Armour Emporium.
  8848 | D:9      | Bought a pair of glowing gloves for 180 gold pieces
  9044 | D:9      | Found a bloodstained altar of Trog.
  9044 | D:9      | Found an ancient bone altar of Kikubaaqudgha.
  9098 | D:10     | Entered Level 10 of the Dungeon
  9353 | D:10     | Reached skill level 12 in Fighting
  9354 | D:10     | Found a hide-covered altar of Uskayaw.
  9433 | D:10     | Identified the amulet "Leruutur" {RegenMP rElec Slay+2}
  9438 | D:10     | Found a sparkling altar of Nemelex Xobeh.
  9457 | D:10     | Noticed a two-headed ogre
  9464 | D:10     | Killed a two-headed ogre
  9526 | D:10     | Noticed Fannar
  9534 | D:10     | Killed Fannar
  9635 | D:10     | Noticed a deep elf mage
  9642 | D:10     | Killed a deep elf mage
  9642 | D:10     | Reached XP level 12. HP: 95/113 MP: 13/13
  9696 | D:10     | Received a gift from Trog
  9825 | D:10     | Found a staircase to the Orcish Mines.
 10335 | D:11     | Reached skill level 13 in Fighting
 10412 | D:11     | Found a staircase to the Lair.
 10588 | D:11     | Noticed a two-headed hydra
 10610 | D:11     | Killed a two-headed hydra
 10974 | D:12     | Noticed Azrael
 12090 | D:12     | Found Pofatuka's Jewellery Shop.
 12096 | D:12     | Noticed a six-headed hydra
 12120 | D:13     | Reached skill level 15 in Shields
 12291 | D:13     | Reached ****** piety under Trog
 12344 | D:13     | Found Enkeun Qoa's Armour Boutique.
 12372 | D:13     | Found a runed translucent door.
 12550 | D:13     | Reached XP level 13. HP: 118/123 MP: 14/14
 12965 | D:12     | Killed Azrael
 12965 | D:12     | Reached skill level 14 in Fighting
 13582 | Orc:1    | Entered Level 1 of the Orcish Mines
 13592 | Orc:1    | Received a gift from Trog
 13605 | Orc:1    | Found a bloodstained altar of Trog.
 13657 | Orc:1    | Reached skill level 15 in Polearms
 14153 | D:13     | Bought the +7 chain mail "Cokkat" {rN+ rCorr Int+3} for 813
                  | gold pieces
 14164 | D:13     | Bought a +1 cloak of magic resistance for 214 gold pieces
 14231 | Lair:1   | Entered Level 1 of the Lair of Beasts
 14252 | Lair:1   | Found a dark tunnel.
 14295 | Volcano  | Entered a volcano
 14319 | Volcano  | Received a gift from Trog
 14324 | Volcano  | Got a transparent spear {god gift}
 14334 | Volcano  | Identified the +10 spear of Lonkaeg {pierce, rF+ rN+
                  | Stlth+} (Trog gifted it to you in a volcano)
 14386 | Volcano  | Found a radiant altar of Vehumet.
 14467 | Volcano  | Got a pair of faintly glowing gloves
 14529 | Lair:1   | Identified the +1 pair of gloves of Elitism {rF+ Regen+
                  | Int+3} (You found it in a volcano)
 14696 | Lair:1   | Noticed Joseph
 14705 | Lair:1   | Killed Joseph
 15196 | Lair:2   | Found a staircase to the Snake Pit.
 15204 | Lair:2   | Found a gate leading to a gauntlet.
 15220 | Gauntlet | Entered a Gauntlet
 15220 | Gauntlet | Found a transporter.
 15220 | Gauntlet | Found a transporter.
 15225 | Gauntlet | Found a transporter.
 15240 | Gauntlet | Found a transporter.
 15256 | Gauntlet | Found a transporter.
 15269 | Gauntlet | Found a transporter.
 15285 | Gauntlet | Found a transporter.
 15351 | Gauntlet | Found a transporter.
 15366 | Gauntlet | Found a transporter.
 15380 | Gauntlet | Found a transporter.
 15393 | Gauntlet | Found a transporter.
 15410 | Gauntlet | Found a transporter.
 15477 | Gauntlet | Found a transporter.
 15487 | Gauntlet | Found a transporter.
 15493 | Gauntlet | Found a transporter.
 15535 | Gauntlet | Found a transporter.
 15651 | Gauntlet | Reached skill level 1 in Throwing
 15722 | Gauntlet | Noticed a minotaur
 15730 | Gauntlet | Killed a minotaur
 15739 | Gauntlet | Identified Qustoh's Incunabulum of Congealing Unholy Arts
 16351 | Lair:3   | Found a staircase to the Shoals.
 16404 | Lair:3   | Reached XP level 14. HP: 133/133 MP: 15/15
 16461 | Lair:3   | Received a gift from Trog
 17020 | Lair:4   | Reached skill level 15 in Fighting
 17036 | Lair:4   | Received a gift from Trog
 17430 | Lair:4   | Noticed Urug
 17439 | Lair:4   | Killed Urug
 17743 | Lair:5   | Identified the +1 pair of gloves of the Doldrums {rElec rN+
                  | rCorr Int+3} (You found it on level 5 of the Lair of
                  | Beasts)
 17965 | Lair:5   | Reached skill level 10 in Armour
 18040 | Lair:5   | Identified the +7 whip of Jis Ynel {slash, Int+5} (You
                  | found it on level 5 of the Lair of Beasts)
 18070 | Lair:5   | Reached skill level 5 in Throwing
 18146 | Lair:5   | Found a runed translucent door.
 18147 | Lair:5   | Found a shimmering altar of Xom.
 18147 | Lair:5   | Noticed Zudu's ghost (journeyman HOFi)
 18174 | Lair:5   | Found a staircase to the Slime Pits.
 18611 | Lair:6   | Entered Level 6 of the Lair of Beasts
 18754 | Lair:6   | Found a runed translucent door.
 18754 | Lair:6   | Noticed mys's ghost (journeyman DrTm)
 18757 | Lair:6   | Noticed Nessos
 18775 | Lair:6   | Killed Nessos
 18814 | Lair:6   | Received a gift from Trog
 18814 | Lair:6   | Reached skill level 10 in Dodging
 19163 | Lair:6   | Found a burning altar of Makhleb.
 19243 | Lair:6   | Found a gateway to Hell.
 19642 | Lair:6   | Identified the +1 spear "Kyofeff" {freeze, SInv}
 19737 | Lair:6   | Received a gift from Trog
 19751 | Lair:6   | Killed mys's ghost
 19751 | Lair:6   | Reached XP level 15. HP: 141/141 MP: 16/16
 19837 | Lair:6   | Identified the +4 rapier of the Mind {drain, rF+ Int+4
                  | Dex+2 SInv} (You found it on level 6 of the Lair of Beasts)
 20053 | Orc:2    | Entered Level 2 of the Orcish Mines
 20148 | Orc:2    | Received a gift from Trog
 20348 | Orc:2    | Got a clouded marble ring
 20349 | Orc:2    | Identified the ring "Bamu" {+Inv rPois rF- Int+6 SInv} (You
                  | found it on level 2 of the Orcish Mines)
 20543 | Orc:2    | Found a staircase to the Elven Halls.
 20654 | Orc:2    | Noticed an orc warlord
 20711 | Orc:2    | Killed an orc warlord
 20730 | Orc:2    | Received a gift from Trog
 20766 | Orc:2    | Found Ifureex's Weapon Shoppe.
 20792 | Orc:2    | Found a roughly hewn altar of Beogh.
 20867 | Orc:2    | Found Wyleulis's Book Boutique.
 21112 | Orc:2    | Found a roughly hewn altar of Beogh.
 21157 | Orc:2    | Reached skill level 16 in Fighting
 21211 | Orc:2    | Found Ritsixirgh's Assorted Antiques.
 21221 | Orc:2    | Bought a potion of mutation for 224 gold pieces
 21227 | Orc:2    | Found Vuxiog's Weapon Shoppe.
 21807 | D:14     | You fall into a shaft and drop 1 floor!
 21807 | D:15     | Entered Level 15 of the Dungeon
 21867 | D:15     | Received a gift from Trog
 21978 | D:15     | Found a staircase to the Depths.
 22187 | D:14     | Found a sacrificial altar of Ru.
 22587 | D:14     | Reached skill level 10 in Throwing
 22886 | D:14     | Got a steaming shield
 22887 | D:14     | Identified the +7 shield of Curiosity {SInv} (You found it
                  | on level 14 of the Dungeon)
 22891 | D:14     | Found a gate to the Vaults.
 23100 | D:13     | Received a gift from Trog
 23100 | D:13     | Reached XP level 16. HP: 150/152 MP: 17/17
 23236 | D:13     | Found the +10 morningstar "Eos" {elec, Halo rElec}
 23246 | D:13     | Identified the +1 morningstar "Miolazoc" {freeze, Str+3
                  | Int+2} (You found it on level 13 of the Dungeon)
 23506 | D:4      | Killed Destapler's ghost
 23581 | D:3      | Killed fritzmikael's ghost
 23871 | Lair:5   | Killed Zudu's ghost
 24081 | D:9      | Bought an uncursed ring of poison resistance for 260 gold
                  | pieces
 24207 | Elf:1    | Entered Level 1 of the Elven Halls
 24505 | Elf:1    | Reached skill level 17 in Fighting
 24535 | Elf:1    | Got a pitted great sword
 25251 | Elf:2    | Received a gift from Trog
 25271 | Elf:2    | Identified the +6 great sword "Xom Iroz" {pain, *Corrode
                  | rPois Int+3 Dex+4} (You found it on level 1 of the Elven
                  | Halls)
 25339 | Elf:2    | Received a gift from Trog
 25447 | Elf:2    | Found a runed translucent gate.
 25447 | Elf:2    | Found a runed translucent gate.
 25448 | Elf:2    | Found a runed translucent gate.
 25621 | Elf:3    | Entered Level 3 of the Elven Halls
 25697 | Elf:3    | Received a gift from Trog
 25710 | Elf:3    | Found Xeuganug's Magic Scroll Boutique.
 25713 | Elf:3    | Bought a scroll of teleportation for 51 gold pieces
 25713 | Elf:3    | Bought a scroll of teleportation for 51 gold pieces
 25713 | Elf:3    | Bought a scroll of enchant armour for 127 gold pieces
 25713 | Elf:3    | Bought a scroll of magic mapping for 59 gold pieces
 25713 | Elf:3    | Bought a scroll of magic mapping for 59 gold pieces
 25837 | Elf:2    | Reached XP level 17. HP: 152/162 MP: 18/18
 26101 | Snake:1  | Entered Level 1 of the Snake Pit
 26163 | Snake:1  | Found a sparkling altar of Nemelex Xobeh.
 27019 | Snake:2  | Reached skill level 18 in Fighting
 27410 | Snake:3  | Received a gift from Trog
 27593 | Snake:3  | Found a burning altar of Makhleb.
 27687 | Snake:4  | Entered Level 4 of the Snake Pit
 27790 | Snake:4  | Found Dugeurph's Gadget Shoppe.
 27790 | Snake:4  | Found Wuorimed's Jewellery Boutique.
 27791 | Snake:4  | Found Juicew's Jewellery Boutique.
 27997 | Snake:4  | Reached skill level 15 in Armour
 28375 | Snake:4  | Received a gift from Trog
 28550 | Snake:4  | Reached XP level 18. HP: 159/174 MP: 19/19
 28571 | Snake:4  | Reached skill level 19 in Fighting
 28661 | Snake:4  | Got a serpentine rune of Zot
 28666 | Snake:4  | Received a gift from Trog
 28693 | Snake:4  | Reached skill level 15 in Dodging
 29063 | Snake:2  | Identified the cursed +0 robe of Action {rF- rC+++ rN+++
                  | Dex-2}
 29132 | Snake:2  | Received a gift from Trog
 29364 | Snake:2  | Received a gift from Trog
 29703 | Shoals:1 | Entered Level 1 of the Shoals
 29736 | Shoals:1 | Noticed Jorgrun
 29750 | Shoals:1 | Killed Jorgrun
 29754 | Shoals:1 | Noticed Kirke
 29775 | Shoals:1 | Killed Kirke
 29797 | Shoals:1 | Received a gift from Trog
 30169 | Shoals:1 | Noticed Aizul
 30185 | Shoals:1 | Killed Aizul
 30307 | Shoals:2 | Found a runed translucent gate.
 30307 | Shoals:2 | Found a runed translucent gate.
 30307 | Shoals:2 | Found a runed translucent gate.
 30320 | Shoals:2 | Noticed wmario's ghost (journeyman MiBe)
 30372 | Shoals:2 | Killed wmario's ghost
 30396 | Shoals:2 | Got a heavily runed chain mail
 30404 | Shoals:2 | Got a pitted copper ring
 30408 | Shoals:2 | Identified the cursed +1 chain mail of Compassion {Str+2}
                  | (You found it on level 2 of the Shoals)
 30409 | Shoals:2 | Identified the ring of Vuhe {+Blink rC++ Str-2 SInv Stlth-}
                  | (You found it on level 2 of the Shoals)
 30574 | Shoals:3 | Found a transporter.
 30574 | Shoals:3 | Noticed Ipihoehem's ghost (adept GrEE)
 30680 | Shoals:3 | Noticed Bai Suzhen
 30719 | Shoals:3 | Killed Bai Suzhen
 30719 | Shoals:3 | Reached skill level 20 in Fighting
 30752 | Shoals:3 | Received a gift from Trog
 30806 | Shoals:4 | Entered Level 4 of the Shoals
 30901 | Shoals:4 | Found a runed translucent door.
 30901 | Shoals:4 | Noticed Xerdoz's ghost (adept BaFE)
 30930 | Shoals:4 | Killed Xerdoz's ghost
 31006 | Shoals:4 | Reached XP level 19. HP: 185/185 MP: 20/20
 31304 | Shoals:4 | Received a gift from Trog
 31356 | Shoals:4 | Got a barnacled rune of Zot
 31379 | Shoals:4 | Received a gift from Trog
 31521 | Shoals:3 | Identified the cursed +0 gold dragon scales of Osemiad
                  | {rPois rF+ rC+ MP+9 Str+4}
 31614 | Shoals:3 | Found a transporter.
 31655 | Shoals:3 | Killed Ipihoehem's ghost
 31914 | Shoals:2 | Found Umief's Antique Armour Shoppe.
 31922 | Shoals:2 | Bought a bloodstained scale mail for 243 gold pieces
 31922 | Shoals:2 | Bought a dull robe for 153 gold pieces
 31939 | Shoals:2 | Identified the +8 scale mail "Egery" {rC+} (You bought it
                  | in a shop on level 2 of the Shoals)
 31954 | Shoals:2 | Identified the +2 robe "Put-Me-On" {Int+4 Dex+3 Stlth+}
                  | (You bought it in a shop on level 2 of the Shoals)
 32453 | Shoals:1 | Received a gift from Trog
 32783 | Vaults:1 | Entered Level 1 of the Vaults
 33237 | Vaults:1 | Reached skill level 21 in Fighting
 33327 | Vaults:1 | Reached skill level 1 in Evocations
 34035 | Vaults:2 | Received a gift from Trog
 34234 | Vaults:2 | Reached XP level 20. HP: 191/198 MP: 21/21
 34261 | Vaults:2 | Found a flickering gateway to a bazaar.
 34268 | Bazaar   | Entered a bazaar
 34272 | Bazaar   | Found Quojoaf's Antique Weapon Shop.
 34286 | Bazaar   | Found Ogir's Antique Armour Boutique.
 34332 | Bazaar   | Found Ezaruni's Gadget Boutique.
 34361 | Bazaar   | Found Jijuutok's Distillery.
 34366 | Bazaar   | Bought a potion of heal wounds for 55 gold pieces
 34366 | Bazaar   | Bought a potion of heal wounds for 55 gold pieces
 34366 | Bazaar   | Bought 2 potions of agility for 88 gold pieces
 34366 | Bazaar   | Bought a potion of curing for 33 gold pieces
 34366 | Bazaar   | Bought 2 potions of might for 88 gold pieces
 34366 | Bazaar   | Bought a potion of curing for 33 gold pieces
 34377 | Bazaar   | Found Zelawn's Assorted Antiques.
 34385 | Bazaar   | Bought a potion of agility for 96 gold pieces
 34472 | Bazaar   | Bought a brightly glowing troll leather armour for 400 gold
                  | pieces
 34627 | Vaults:2 | Found a ruined gateway.
 34648 | Desolati | Entered the Desolation of Salt
 34741 | Desolati | Received a gift from Trog
 34747 | Desolati | Found the +5 demon whip "Spellbinder" {antimagic, MR+}
 34754 | Desolati | Got an ancient tin amulet
 34755 | Desolati | Identified the +4 troll leather armour of the Turtledove
                  | {rN+ Regen+} (You bought it in a shop in a bazaar)
 34756 | Desolati | Identified the amulet "Jodi" {Acrobat Int+5} (You found it
                  | in the Desolation of Salt)
 34779 | Desolati | Identified the Papyrus of Moulding
 34991 | Desolati | Identified the Reference Book on Gliding Dark Rituals
 35047 | Desolati | Received a gift from Trog
 35047 | Desolati | Reached skill level 5 in Evocations
 35090 | Desolati | Reached skill level 5 in Stealth
 35231 | Desolati | Identified the Volume of Contamination and Fire
 35236 | Desolati | Identified the Tome of Helpful Hexes
 35418 | Desolati | Received a gift from Trog
 35467 | Desolati | Reached skill level 1 in Crossbows
 35517 | Desolati | Reached skill level 22 in Fighting
 35772 | Desolati | Identified the Compendium of the Rocks and Confrontation
 35804 | Desolati | Identified Woutet's Guide on Warped Enchantment
 36020 | Vaults:2 | Received a gift from Trog
 36020 | Vaults:2 | Reached skill level 5 in Crossbows
 36081 | Vaults:2 | Received a gift from Trog
 36197 | Vaults:2 | Received a gift from Trog
 36912 | Vaults:3 | Reached skill level 10 in Crossbows
 37029 | Vaults:3 | Noticed Jory
 37063 | Vaults:3 | Killed Jory
 37063 | Vaults:3 | Reached XP level 21. HP: 210/210 MP: 24/24
 37166 | Vaults:3 | Received a gift from Trog
 37227 | Vaults:3 | Found Cisixuf's Jewellery Shop.
 37361 | Vaults:3 | Reached skill level 23 in Fighting
 37877 | Vaults:3 | Found a staircase to the Crypt.
 38078 | Vaults:4 | Received a gift from Trog
 38291 | Vaults:4 | Received a gift from Trog
 38513 | Vaults:4 | Reached skill level 24 in Fighting
 38588 | Vaults:4 | Received a gift from Trog
 38619 | Vaults:4 | Noticed Margery
 38632 | Vaults:4 | Killed Margery
 38844 | Vaults:4 | Noticed Mara
 38862 | Vaults:4 | Killed Mara
 38862 | Vaults:4 | Received a gift from Trog
 39476 | Crypt:1  | Entered Level 1 of the Crypt
 39492 | Crypt:1  | Reached skill level 25 in Fighting
 39546 | Crypt:2  | Reached XP level 22. HP: 210/226 MP: 25/25
 39630 | Crypt:3  | Entered Level 3 of the Crypt
 39940 | Crypt:3  | Received a gift from Trog
 40195 | Crypt:3  | Noticed Boris
 40212 | Crypt:3  | Killed Boris
 40212 | Crypt:3  | Reached skill level 26 in Fighting
 40281 | Crypt:3  | Received a gift from Trog
 40329 | Crypt:3  | Received a gift from Trog
 40485 | Crypt:3  | Found a basalt altar of Yredelemnul.
 40495 | Crypt:3  | Found an ancient bone altar of Kikubaaqudgha.
 40510 | Crypt:3  | Got a warped ivory ring
 40511 | Crypt:3  | Identified the ring of the Hippo {Str+8 Dex+2} (You found
                  | it on level 3 of the Crypt)
 40523 | Crypt:3  | Identified Khufu's Compendium of Stolen Souls
 40528 | Crypt:3  | Identified Lisynn's Guide on Dark Lightness
 40676 | Crypt:3  | Found a staircase to the Tomb.
 41027 | Crypt:2  | Noticed Mennas
 41028 | Crypt:2  | Identified the Disquisition on Dislocation
 41060 | Crypt:2  | Killed Mennas
 41215 | Crypt:2  | Reached skill level 27 in Fighting
 41339 | Crypt:2  | Received a gift from Trog
 41549 | Crypt:1  | Noticed Donald
 41560 | Crypt:1  | Killed Donald
 41640 | Crypt:1  | Noticed Sojobo
 41676 | Crypt:1  | Killed Sojobo
 41792 | Crypt:1  | Identified the +12 trident of Instant Death {pierce, rC+}
                  | (You found it on level 1 of the Crypt)
 41854 | Crypt:1  | You fall into a shaft and drop 1 floor!
 42752 | Depths:1 | Entered Level 1 of the Depths
 42774 | Depths:1 | Found Loipej's Armour Shop.
 42776 | Depths:1 | Found Rucakah's Armour Shop.
 42776 | Depths:1 | Found Werchy's General Store.
 42780 | Depths:1 | Received a gift from Trog
 42804 | Depths:1 | Found Cetap's Jewellery Boutique.
 42815 | Depths:1 | Bought the +1 cloak "Inoupaunk" {rElec rC+ Str+6 Int-2
                  | Dex+2} for 603 gold pieces
 42859 | Depths:1 | Received a gift from Trog
 42859 | Depths:1 | Reached XP level 23. HP: 186/240 MP: 26/26
 42923 | Depths:1 | Found a magical portal.
 43526 | WizLab   | Identified Iskenderun's Tome of Attacks
 43526 | WizLab   | Identified Iskenderun's Disquisition on Conjuration
 43700 | Depths:1 | Received a gift from Trog
 43762 | Depths:1 | Found Daryum's Jewellery Shop.
 43880 | Depths:1 | Received a gift from Trog
 43912 | Depths:1 | Identified the cursed +0 scale mail "Rumm" {rPois rCorr
                  | Str-2} (You found it on level 1 of the Depths)
 44795 | Depths:2 | Received a gift from Trog
 45883 | Depths:4 | Received a gift from Trog
 45974 | Depths:4 | Found a gateway to a ziggurat.
 46042 | Depths:4 | Reached XP level 24. HP: 213/249 MP: 28/28
 46158 | Depths:4 | Found a one-way gate to the infinite horrors of the Abyss.
 46544 | Depths:4 | Received a gift from Trog
 46706 | Depths:4 | Noticed a juggernaut
 46709 | Depths:4 | Noticed a juggernaut
 46888 | Depths:5 | Entered Level 5 of the Depths
 46888 | Depths:5 | Noticed Saint Roka
 46901 | Depths:4 | Killed Saint Roka
 46980 | Depths:4 | Killed a juggernaut
 46988 | Depths:4 | Killed a juggernaut
 47166 | Depths:4 | Identified the cursed +0 cloak of Syndicalism {*Contam
                  | rCorr Int+6} (You found it on level 4 of the Depths)
 47348 | Depths:3 | Reached skill level 10 in Stealth
 47408 | Depths:3 | HP: 16/373 [balrug/fireball (44)]
 47411 | Depths:3 | HP: 5/373 [balrug/divine providence (12)]
 47412 | Depths:3 | Annihilated by a balrug

Levels and vault maps discovered:
D:1:      kennysheep_arrival_forest, layout_basic
D:2:      layout_basic, uniq_jessica
D:3:      layout_rooms, ebering_ghost_reflecting_pool, bloody_trog,
          uniq_crazy_yiuf_cottage
D:4:      layout_loops_ring, ebering_ghost_sewer_d
D:5:      layout_basic, minmay_temple_entry_hall, first_ration, serial_shops,
          shop, chequers_serial_rivers_large_a
D:6:      layout_loops_ring, chequers_serial_rivers_micro_e
D:7:      kennysheep_spiral_hall, layout_basic, gammafunk_temple_overflow_wave,
          okawaru_altar_gauntlet_db, uniq_pikel
D:8:      minmay_the_grid_octo_tiled_squarecenter [minmay_the_grid_octo_toaster,
          minmay_the_grid_octo_vomiting_pacman, minmay_the_grid_octo_focus,
          minmay_the_grid_octo_horde,
          minmay_the_grid_square_5x5_megaprize_diamond,
          minmay_the_grid_square_5x5_forky,
          minmay_the_grid_square_5x5_minivault, minmay_the_grid_square_5x5_v,
          minmay_the_grid_square_5x5_checkered_sparse], layout_loops_ring,
          kennysheep_little_box, uniq_prince_ribbit1
D:9:      layout_roguey [special_room_bee], amethyst_overflow_temple_binary,
          serial_shops, shop_statue, kennysheep_mini, shop, shop, shop,
          enter_bailey_3
D:10:     hangedman_cross_cluster, layout_gridville, basic_altar, uniq_fannar
D:11:     layout_loops_ring, lair_entry_dummy, hangedman_ranch
          [blue_anna_fruit_fields]
D:12:     layout_basic, serial_shops, nicolae_shop_statue_plus, special_room
          [special_room_orc], minivault_23, uniq_azrael
D:13:     gammafunk_mikee_crab_dinner, layout_small_grid, serial_shops,
          nicolae_shop_behind_doors, serial_bayou_lagoon_b
D:14:     layout_long_grid, ximxim_vaults_locker_room, nicolae_ru_awakened_eye
D:15:     grunt_enter_depths_hoard, layout_basic,
          hangedman_abyss_or_decor_slice, minmay_misc_feat_square
Lair:1:   layout_regular_city, nicolae_volcano_entry_lava_flow, uniq_joseph
Lair:2:   layout_chaotic_city, dummy_snake_entry, gauntlet_entry_generic,
          grunt_megastairs_3, minmay_lair_oklob_chamber
Lair:3:   kb_forest_paths, layout_regular_city, shoals_dummy_entry
Lair:4:   layout_cave_pods, chequers_serial_rivers_micro_a,
          chequers_serial_rivers_room_a, grunt_megastairs_4, uniq_urug
Lair:5:   beast_lair_carwin_large_1, layout_cave_pods,
          minmay_slime_entry_jelly_boxes, ebering_ghost_xom, worms_lemuel
Lair:6:   evil_forest, layout_cave_pods, ebering_ghost_funeral_grove,
          uniq_nessos
Shoals:1: layout_shoals, uniq_kirke, uniq_aizul, uniq_jorgrun
Shoals:2: layout_shoals, ebering_ghost_davey_jones, serial_shops, shop
Shoals:3: layout_shoals, gammafunk_ghost_arena, st_sunken_temple,
          uniq_bai_suzhen
Shoals:4: shoals_end_simple, layout_shoals, gammafunk_ghost_grave
Snake:1:  layout_cave_pods, basic_altar, drop_trap
Snake:2:  nicolae_snakescales, layout_cave_town
Snake:3:  layout_rooms, basic_altar
Snake:4:  snake_pit, layout_onion, nicolae_snake_linked_coils, minmay_shop_grove
Orc:1:    nicolae_orc_accident_1, layout_diamond_mine, basic_altar
Orc:2:    pubby_orc_utopia, serial_shops
Elf:1:    minmay_elf_arrival_plus, layout_loops_corners,
          kennysheep_underground_church
Elf:2:    layout_geoelf_grid, grunt_megastairs_2, uniq_asterion
Elf:3:    minmay_elf_hall, layout_onion_city, serial_shops,
          nicolae_shop_behind_doors
Vaults:1: vaults_dpeg_hooks, grunt_vaults_funnel,
          nicolae_vaults_border_crossing, ontoclasm_vaults_pinch, v_misc_25,
          layout_vaults_chaotic_city
Vaults:2: nicolae_vaults_little_squares_6, ontoclasm_vaults_fault, v_misc_28,
          nicolae_vaults_little_squares_5, hangedman_vaults_maws,
          hangedman_vaults_stitches, vaults_room_door_ring,
          nicolae_vaults_mini_display_case, hangedman_vaults_maws, v_misc_12,
          vaults_mumra_lcd, nicolae_vaults_asterisk,
          nicolae_vaults_specimen_jars, nicolae_vaults_little_squares_2,
          v_misc_24, layout_vaults_omnibox,
          portal_desolation_entry_nicolae_slug, serial_shops, bzr_entry_water
Vaults:3: vaults_mumra_hex, ontoclasm_vaults_ligature,
          minmay_crypt_entry_simple_statues, nicolae_vaults_diagonal_hallway_9,
          ontoclasm_vaults_bender, v_misc_17, v_alt_pattern_1, v_misc_18,
          nicolae_vaults_quadrants, vaults_room_door_hall, serial_ice_b,
          nicolae_vaults_little_squares_2, nicolae_vaults_little_squares_6,
          layout_vaults_big_cross, serial_shops, shop, uniq_jory
Vaults:4: st_hourglassy, ontoclasm_vaults_gateway, grunt_vaults_diagonal,
          nicolae_vaults_big_ls, v_misc_12, vaults_mumra_minichess_inversion,
          hangedman_vaults_snaps, nicolae_vaults_what_the_h, v_pattern_3,
          serial_ice_g, layout_vaults_maze_snakey, uniq_mara, uniq_margery
Crypt:1:  layout_catacombs, st_stairs_7, uniq_donald, uniq_sojobo
Crypt:2:  layout_misc_corridors, roderic_lattice_octagonal_star, uniq_mennas
Crypt:3:  lightli_unholy_cathedral, layout_chaotic_city,
          nicolae_tomb_entry_unfolded_pyramid_orthogonal, due_unseen_surprise,
          uniq_boris
Depths:1: layout_forbidden_donut, hell_entry, minmay_misc_feat_room,
          mu_enter_wizlab_5, kennysheep_diamond,
          minmay_shop_enchanted_jewellery, nrook_kobold_shadow_demons,
          serial_bayou_shore_a, minmay_shoptagon
Depths:2: minmay_glassy_protrusions, layout_basic, hex_medium, hell_entry,
          st_stairs_5, hangedman_decor_peaks_small,
          infiniplex_staircase_zigzag_2, serial_bayou_shore_b
Depths:3: evilmike_library_of_no_secrets, layout_cave_pools,
          abyss_entry_crystal, lightli_too_deep, grunt_pan_entry_in_and_out
Depths:4: minmay_nested_s, layout_gridville, enter_ziggurat_a, hell_entry,
          abyss_entry_small_statue_room, infiniplex_staircase_pillars_3a
Depths:5: grunt_zot_entry_gee_three, layout_cave_pools,
          minmay_misc_feat_ornament, serial_column_ruins,
          column_ruins_hut_ruined, column_ruins_courtyard_long,
          column_ruins_grid_4, column_ruins_corridor_straight,
          column_ruins_columns_straight, column_ruins_grid_1,
          column_ruins_open_medium_water, column_ruins_open_small, hell_entry,
          minmay_acid_items, uniq_saint_roka

Skill      XL: |  1  2  3  4  5  6  7  8  9 10 11 12 13 14 15 16 17 18 19 20 21 22 23 24 |
---------------+-------------------------------------------------------------------------+-----
Fighting       | 1 2 3 4 5 7 9 11 12 13 14 15 16 17 18 20 21 22 25 27 | 27.0
Armour         | 1 2 3 4 5 7 9 10 12 13 15 17 18 20 21 | 21.1
Polearms       | 1 2 3 4 5 7 9 10 12 14 16 17 18 | 18.8
Dodging        | 3 4 5 6 7 9 10 11 13 14 16 17 19 | 19.8
Shields        | 3 7 9 12 15 16 18 | 18.1
Throwing       | 3 7 10 13 | 13.2
Evocations     | 3 5 6 8 9 |  9.3
Stealth        | 3 5 6 8 10 | 10.9
Crossbows      | 10 14 | 14.0
Spellcasting   | |  1.3
Transmutations | |  0.7
Earth Magic    | |  2.4

Action                   |  1- 3 |  4- 6 |  7- 9 | 10-12 | 13-15 | 16-18 | 19-21 | 22-24 || total
-------------------------+-------+-------+-------+-------+-------+-------+-------+-------++-------
Melee: Club              |     6 |       |       |       |       |       |       |       ||     6
       Headbutt          |     8 |    17 |    53 |   117 |   188 |   219 |   402 |   373 ||  1377
       Unarmed           |     1 |       |       |       |       |       |       |       ||     1
       Spear             |   131 |    22 |       |       |  1194 |  1610 |  2096 |   604 ||  5657
       Trident           |       |    97 |   366 |   768 |   197 |       |       |   886 ||  2314
 Cast: Sandblast         |     3 |       |       |       |       |       |       |       ||     3
Invok: Berserk           |       |       |     9 |    10 |    12 |    10 |    10 |     5 ||    56
       Trog's Hand       |       |       |       |     6 |    12 |    20 |    10 |    11 ||    59
       Brothers in Arms  |       |       |       |       |     1 |     1 |     1 |     1 ||     4
Evoke: Wand              |       |       |       |     4 |     1 |     1 |       |       ||     6
       Lamp of fire      |       |       |       |       |       |     1 |       |       ||     1
  Use: Scroll            |     4 |     4 |     6 |    21 |    13 |    17 |    15 |    12 ||    92
       Potion            |     2 |     5 |     4 |     7 |     8 |     8 |     8 |     8 ||    50
 Stab: Sleeping          |     1 |     1 |       |     4 |       |       |    13 |     6 ||    25
       Distracted        |       |       |     1 |     1 |     1 |       |     4 |     1 ||     8
       Invisible         |       |       |       |       |     3 |       |       |    15 ||    18
  Eat: Chunk             |     3 |     2 |    13 |    25 |    17 |    11 |    20 |    10 ||   101
       Ration            |       |     1 |     2 |     2 |    11 |     8 |     7 |     8 ||    39
Armor: Robe              |     4 |       |       |       |       |       |       |       ||     4
       Ring mail         |    16 |    34 |    67 |    72 |    31 |       |       |       ||   220
       Skin              |    20 |     1 |       |       |       |       |       |       ||    21
       Leather armour    |       |       |       |    28 |       |       |       |       ||    28
       Chain mail        |       |       |       |       |   179 |   210 |    71 |       ||   460
       Scale mail        |       |       |       |       |       |       |   126 |   201 ||   327
Dodge: Dodged            |    52 |    50 |   111 |   225 |   217 |   232 |   357 |   331 ||  1575
Block: Buckler           |       |       |    72 |   198 |   261 |       |       |       ||   531
       Reflection        |       |       |     7 |    28 |    31 |       |       |       ||    66
       Shield            |       |       |       |       |     7 |   771 |  1008 |   782 ||  2568
